 Dungeon Crawl Stone Soup version 0.29-a0-360-g8ed1089bbe (webtiles) character file.

Game seed: 16354896365463844000

14 Zeldest the Caller (level 2, -2/14 HPs)
             Began as a Vine Stalker Summoner on Apr 28, 2022.
             Slain by a ball python (3 damage)
             ... on level 1 of the Dungeon.
             The game lasted 00:02:19 (225 turns).

Zeldest the Caller (Vine Stalker Summoner)           Turns: 225, Time: 00:02:20

Health: -2/14      AC:  2    Str: 10    XL:     2   Next: 41%
Magic:  0/6        EV:  9    Int: 15    God:
Gold:   5          SH:  0    Dex: 20    Spells: 4/5 levels left

rFire   . . .      SeeInvis .   c - +0 dagger
rCold   . . .      Faith    .   (no shield)
rNeg    . . .      Spirit   +   a - +0 robe
rPois   .          Reflect  .   (no helmet)
rElec   .          Harm     .   (no cloak)
rCorr   .          Rampage  .   (no gloves)
Will    .....                   (no boots)
Stlth   ++........              (no amulet)
HPRegen 0.04/turn               d - +6 ring of dexterity
MPRegen 0.10/turn               (no ring)

@: constricted
A: fangs 2, magic shield, antimagic bite, no potion heal 2
a: no special abilities


You were on level 1 of the Dungeon.
You visited 1 branch of the dungeon, and saw 1 of its levels.

You collected 5 gold pieces.

Inventory:

Hand Weapons
 c - a +0 dagger (weapon)
Armour
 a - a +0 robe (worn)
Jewellery
 d - a +6 ring of dexterity (left hand)
Scrolls
 f - a scroll of enchant armour {unknown}
Potions
 e - a potion of brilliance {unknown}


   Skills:
 * Level 1.0 Fighting
 - Level 1.5 Dodging
 - Level 2.4 Stealth
 + Level 2.4 Spellcasting
 * Level 4.2 Summonings


You had 4 spell levels left.
You knew the following spells:

 Your Spells              Type           Power      Damage    Failure   Level
a - Summon Small Mammal   Summ           56%        N/A       3%          1

Your spell library contained the following spells:

 Spells                   Type           Power      Damage    Failure   Level
 Call Imp                 Summ           14%        N/A       5%          2
 Call Canine Familiar     Summ           14%        N/A       11%         3
 Summon Guardian Golem    Hex/Summ       8%         N/A       26%         3
 Summon Lightning Spire   Summ/Air       8%         N/A       65%         4


Dungeon Overview and Level Annotations

Branches:
Dungeon (1/15)

Altars:


Innate Abilities, Weirdness & Mutations

You have extremely sharp teeth.
When hurt, damage is shared between your health and your magic reserves.
Your bite disrupts and absorbs the magic of your enemies.
Potions cannot restore your health.


Message History

The hobgoblin is moderately wounded.
The ball python barely misses your quokka.
The ball python misses your quokka. The hobgoblin closely misses you.
The kobold closely misses your quokka.
Your quokka bites the kobold but does no damage.
The ball python closely misses your quokka.
The ball python grabs your quokka. The ball python constricts your quokka.
The quokka twitches its whiskers.
You closely miss the hobgoblin. You bite the hobgoblin. You drain its power.
The hobgoblin is heavily wounded.
The ball python barely misses your quokka.
The hobgoblin barely misses you.
Your quokka bites the kobold but does no damage.
The kobold hits your quokka with a +0 short sword.
Your quokka dies!
Your quokka's corpse disappears in a puff of smoke!
The kobold shouts!
Casting: Summon Small Mammal (safe; 3% risk of failure)
Confirm with . or Enter, or press ? or * to list all spells.
The hobgoblin hits you.
* * * LOW HITPOINT WARNING * * *
You swap places.
The hobgoblin attacks as you move away! The hobgoblin hits you.
Your bat hits the hobgoblin but does no damage. x2
The hobgoblin misses your bat.
Your bat closely misses the hobgoblin.
Your bat hits the hobgoblin but does no damage.
The hobgoblin hits your bat.
Your bat dies!
Your bat's corpse disappears in a puff of smoke!
The ball python attacks as you move away!
The ball python closely misses you. The ball python barely misses you.
Okay, then.
Okay, then.
Okay, then.
Casting: Summon Small Mammal (safe; 3% risk of failure)
Confirm with . or Enter, or press ? or * to list all spells.
The ball python completely misses you. The ball python grabs you.
The ball python constricts you. The ball python bites you.
You die...

####### #.....#####
#############.#........
#..................###.
.....####.##.#......##.#
......# #.))##.......#.#
### #.#...#
#.##.#....r#.#.### #..
).....# #.#
#.##@g###....# #.#
......# #.#
#.###S.#.#§..# #.#
......# #.# #.#
#.#K###.§###.####
......###.###.
#....r.r....$....
..............#
#######.#########
#.............# #.#
#.#...###.# #.# #.#
..#..†###.# #.# #.#
....[.)...# #.# #.#


You could see a quokka, a hobgoblin, a ball python (ally target), a kobold and a
friendly rat (summoned).

Vanquished Creatures
  2 goblins (D:1)
  A hobgoblin (D:1)
  2 bats (D:1)
5 creatures vanquished.

Vanquished Creatures (collateral kills)
  An endoplasm (D:1)
  3 goblins (D:1)
  A frilled lizard (D:1)
  2 kobolds (D:1)
7 creatures vanquished.

Grand Total: 12 creatures vanquished

Notes
Turn   | Place    | Note
-------+----------+-------------------------------------------
     0 | D:1      | Zeldest the Vine Stalker Summoner began the quest for the
                  | Orb.
     0 | D:1      | Reached XP level 1. HP: 9/9 MP: 4/4
    88 | D:1      | Reached XP level 2. HP: 7/14 MP: 1/6
   151 | D:1      | Reached skill level 1 in Fighting
   225 | D:1      | Slain by a ball python

Illustrated notes

Levels and vault maps discovered:
D:1:      psy_arrival_whirlpool, layout_loops_ring

Skill      XL: |  1  2 |
---------------+-------+-----
Fighting       | 1 |  1.0
Dodging        | |  1.5
Stealth        | |  2.4
Spellcasting   | |  2.4
Summonings     | |  4.2

Action                   || total
-------------------------++-------
Melee: Unarmed           ||     5
       Dagger            ||    11
       Bite              ||     3
 Cast: Summon Small Mamm ||    14
  Use: Potion            ||     1
 Stab: Sleeping          ||     1
Armor: Robe              ||     4
Dodge: Dodged            ||    14

Table legend: (Time is in decaauts)
 A = Elapsed time spent in this place.
 B = Non-inter-level travel time spent in this place.
 C = Inter-level travel time spent in this place.
 D = Time resting spent in this place.
 E = Time spent auto-exploring this place.
 F = Levels seen in this place.
 G = Mean time per level.
                   A        B        C        D        E       F      G
               +--------+--------+--------+--------+--------+-----+--------+
         Total |    225 |    225 |      0 |      0 |      0 |   1 |  225.0 |
       Dungeon |    225 |    225 |      0 |      0 |      0 |   1 |  225.0 |
               +--------+--------+--------+--------+--------+-----+--------+

Top non-repeatable levels by time:
     D:1: 225 daAuts
